 Dungeon Crawl Stone Soup version 0.22.0-34-g4f65f92 (webtiles) character file.

57 shmeve the Chopper (level 3, 0/49 HPs)
             Began as a Minotaur Berserker on Aug 24, 2018.
             Was a Believer of Trog.
             Succumbed to an adder's poison
             ... on level 2 of the Dungeon.
             The game lasted 00:03:33 (1030 turns).

shmeve the Chopper (Minotaur Berserker)             Turns: 1030, Time: 00:03:34

Health: 0/49       AC:  2    Str: 27    XL:     3   Next: 73%
Magic:  2/2        EV: 12    Int:  4    God:    Trog [**....]
Gold:   61         SH:  0    Dex:  9    Spells: 2/2 levels left

rFire    . . .     SeeInvis .   a - +0 hand axe
rCold    . . .     Gourm    .   (no shield)
rNeg     . . .     Faith    .   b - +0 animal skin
rPois    .         Spirit   .   (helmet restricted)
rElec    .         Reflect  .   (no cloak)
rCorr    .         Harm     .   (no gloves)
MR       .....                  (no boots)
Stlth    ..........             (no amulet)
HPRegen  0.16/turn              (no ring)
MPRegen  0.08/turn              (no ring)

@: berserking (expiring), lethally poisoned (0 -> -6), very quick
A: retaliatory headbutt, horns 2
a: Berserk, Trog's Hand, Renounce Religion


You were on level 2 of the Dungeon.
You worshipped Trog.
Trog was pleased with you.
You were very hungry.

You visited 1 branch of the dungeon, and saw 2 of its levels.

You collected 61 gold pieces.

Inventory:

Hand Weapons
 a - a +0 hand axe (weapon)
Armour
 b - a +0 animal skin (worn)
Jewellery
 l - a +2 ring of intelligence
 q - a cursed ring of protection from magic {unknown}
 r - a cursed ring of teleportation {unknown}
Scrolls
 g - a scroll of fear
 h - a scroll of amnesia
Potions
 e - a potion of flight {unknown}
 m - a potion of curing {unknown}
 n - a potion of degeneration {unknown}
 p - a potion of haste {unknown}
Comestibles
 c - 6 rations
 j - 7 chunks of flesh


   Skills:
 * Level 4.2 Fighting
 * Level 4.3 Axes
 * Level 1.4 Throwing
 + Level 2.8 Armour
 + Level 2.5 Dodging


You had 2 spell levels left.
You didn't know any spells.
Your spell library was empty.

Dungeon Overview and Level Annotations

Branches:
Dungeon (2/15)

Altars:


Innate Abilities, Weirdness & Mutations

You reflexively headbutt those who attack you in melee.
You have a pair of horns on your head.


Message History

The adder is severely wounded.
You feel sick. The adder bites you.
* * * LOW HITPOINT WARNING * * *
You barely miss the adder. Your headbutt misses the adder.
The adder is severely wounded.
The adder closely misses you.
You barely miss the adder.
The adder is severely wounded.
The adder bites you.
* * * LOW HITPOINT WARNING * * *
You are more poisoned.
The adder poisons you!
You closely miss the adder. Your headbutt misses the adder.
The adder is severely wounded.
* * * LOW HITPOINT WARNING * * *
You feel sick. The adder bites you but does no damage.
You hit the adder.
You kill the adder!
Trog accepts your kill.
You die...

#.....=....)>..............
#..........................
#..........................
##.........................
*#........................#
#..........##.#...###..#...
*#..........##...#,,*#..#.##
*...............#.,,*##,#.**
*.........†@##.##,*,,**,*,*#
*,.........†#*,#*,**,,,,*,**
*,,.........#*,,*,,,,,*,*,**
*,,,.........,,,,,,,,,*,*,*,
*,,,.........,,,,,,,,,*,*,,,
***,..........,,,,,,,,*,*,,*
*,.......)..,,,,,,,,*,*,,*
*,...........,,,,,,,*,*,,,
*,,,,,,,*,***,*,,,,,*,*,,,


There were no monsters in sight!

Vanquished Creatures
  2 adders (D:2)
  A worm (D:2)
  4 dart slugs
  3 bats
  4 goblins (D:1)
  3 hobgoblins
  7 jackals
  A kobold (D:2)
  2 rats (D:1)
27 creatures vanquished.

Notes
Turn   | Place    | Note
-------+----------+-------------------------------------------
     0 | D:1      | shmeve the Minotaur Berserker began the quest for the Orb.
     0 | D:1      | Reached XP level 1. HP: 19/19 MP: 0/0
   203 | D:1      | Reached XP level 2. HP: 27/27 MP: 1/1
   456 | D:1      | Reached skill level 1 in Throwing
   852 | D:2      | Reached XP level 3. HP: 8/33 MP: 2/2
   885 | D:2      | Lost intelligence.
  1022 | D:2      | Reached ** piety under Trog
  1028 | D:2      | HP: 1/49 [adder (4)]
  1030 | D:2      | Succumbed to an adder's poison

Skill      XL: |  1  2 |
---------------+-------+-----
Throwing       | 1 |  1.4
Axes           | 4 |  4.3
Fighting       | 4 |  4.2
Armour         | |  2.8
Dodging        | |  2.5

Action                   || total
-------------------------++-------
Melee: Hand axe          ||    54
       Headbutt          ||     5
Invok: Berserk           ||     2
  Use: Scroll            ||     6
  Eat: Chunk             ||     1
Armor: Animal skin       ||    12
Dodge: Dodged            ||    37
